 Dungeon Crawl Stone Soup version bcrawl-1.21.2-20-g6d45ba5942 (webtiles) character file.

Game seed: 5254011603345307092

85 blobbo the Caller (level 4, 0/35 HPs)
             Began as a Hill Orc Summoner on Feb 27, 2020.
             Killed from afar by an orc wizard (9 damage)
             ... with a puff of frost
             ... on level 4 of the Dungeon.
             The game lasted 00:05:43 (4008 turns).

blobbo the Caller (Hill Orc Summoner)               Turns: 4008, Time: 00:05:43

Health: 0/35       AC:  3    Str: 10    XL:     4   Next: 48%
Magic:  1/17       EV: 12    Int: 16    God:
Gold:   316        SH:  0    Dex: 11    Spells: 2/8 levels left

rFire    . . .     SeeInvis .   p - +0 dagger (venom)
rCold    . . .     Gourm    .   (no shield)
rNeg     . . .     Faith    .   a - +0 robe
rPois    .         Spirit   .   (no helmet)
rElec    .         Reflect  .   (no cloak)
rCorr    .         Harm     .   l - +0 pair of gloves
MR       .....                  (no boots)
Stlth    ++........             (no amulet)
HPRegen  0.11/turn              q - ring of magical power
MPRegen  0.15/turn              (no ring)

@: very slightly contaminated
A: no striking features
a: no special abilities


You were on level 4 of the Dungeon.
You were near starving.

You visited 1 branch of the dungeon, and saw 4 of its levels.

You collected 316 gold pieces.

Inventory:

Hand Weapons
 f - a +0 short sword
 p - a +0 dagger of venom (weapon)
Armour
 a - a +0 robe (worn)
 l - a +0 pair of gloves (worn)
 o - a +0 leather armour
Jewellery
 n - an uncursed amulet of guardian spirit
 q - a ring of magical power (left hand)
Scrolls
 c - a scroll of summoning
 g - 2 scrolls of identify
 j - 2 scrolls of remove curse {unknown}
 k - a scroll of fear {unknown}
 m - 2 scrolls of magic mapping {unknown}
 s - a scroll of fog {unknown}
Potions
 b - 2 potions of lignification
 d - 2 potions of heal wounds {unknown}
 h - a potion of haste {unknown}
 i - 3 potions of curing
 r - a potion of brilliance {unknown}
Comestibles
 e - 9 rations {!d}


   Skills:
 + Level 1.3 Fighting
   Level 1.3 Short Blades
   Level 1.3 Long Blades
   Level 1.3 Axes
   Level 1.3 Maces & Flails
   Level 1.3 Polearms
   Level 1.3 Staves
 - Level 1.5 Dodging
 - Level 1.7 Stealth
   Level 1.3 Unarmed Combat
 + Level 2.7 Spellcasting
 * Level 5.0 Summonings


You had 2 spell levels left.
You knew the following spells:

 Your Spells              Type           Power        Failure   Level  Hunger
a - Summon Small Mammal   Summ           ###.         2%          1    #......
b - Call Imp              Summ           ###...       3%          2    ##.....
c - Call Canine Familiar  Summ           ###.....     8%          3    ###....

Your spell library contained the following spells:

 Spells                   Type           Power        Failure   Level  Hunger
 Summon Ice Beast         Ice/Summ       ##......     56%         4    #####..
 Summon Lightning Spire   Summ/Air       ##......     88%         5    ######.


Dungeon Overview and Level Annotations

Branches:
Dungeon (4/12)
 Temple: D:4-7

Altars:
Dithmenos
Makhleb
Ru

Annotations:
D:3 Sigmund


Message History

You hear some strange, mumbled words.
A puff of flame appears from out of thin air!
The puff of flame misses you.
Your hound bites something.
The orc wizard misses your crimson imp.
Your crimson imp hits the orc wizard.
Your crimson imp blinks!
What are your orders? t - Shout!
Orders for allies: a - Attack new target. p - Attack previous target. r - Retreat! s - Stop attacking. g - Guard the area. f - Follow me.
Anything else - Cancel.
Gang up on whom?
Press: ? - help, Dir - move target cursor, f/p - orc wizard
Aim: an orc wizard, wielding a +0 dagger and wearing a +0 robe (severely wounded, fast) Attack!
Your hound bites the orc but does no damage.
You hear some strange, mumbled words.
A puff of frost appears from out of thin air!
The puff of frost hits you!
You die...

##### ### #####...####
#.. ...........# #..
...........# #..
........@..############..
.......h.................
.......o5..############..
)......o#### ###
...<....#########o.o
.......5.....o{.o...
#################... ##


You could see an orc wizard, an orc, a friendly hound and 2 friendly crimson
imps.

Vanquished Creatures
  An adder (D:4)
  An ooze (D:1)
  A worm (D:3)
  3 dart slugs
  2 leopard geckos (D:2)
  A giant cockroach (D:1)
  A goblin (D:1)
  4 hobgoblins
  2 jackals
  A kobold (D:1)
  2 quokkas
  2 bats (D:1)
  2 frilled lizards
  3 rats (D:1)
26 creatures vanquished.

Vanquished Creatures (collateral kills)
  3 gnolls (D:3)
  An adder (D:3)
  2 dart slugs (D:1)
  A leopard gecko (D:3)
  An orc (D:3)
  A goblin (D:3)
  2 hobgoblins (D:3)
  5 jackals
  A quokka (D:4)
  2 bats (D:2)
  3 frilled lizards
  3 kobolds
  3 rats
28 creatures vanquished.

Grand Total: 54 creatures vanquished

Notes
Turn   | Place    | Note
-------+----------+-------------------------------------------
     0 | D:1      | blobbo the Hill Orc Summoner began the quest for the Orb.
     0 | D:1      | Reached XP level 1. HP: 14/14 MP: 3/3
   332 | D:1      | Reached XP level 2. HP: 13/20 MP: 1/5
  1223 | D:1      | Reached XP level 3. HP: 27/27 MP: 6/6
  2037 | D:2      | Found a sacrificial altar of Ru.
  2243 | D:2      | Reached skill level 1 in Fighting
  2859 | D:3      | Learned a level 2 spell: Call Imp
  2863 | D:3      | Learned a level 3 spell: Call Canine Familiar
  2882 | D:3      | Found a shadowy altar of Dithmenos.
  3116 | D:3      | Reached XP level 4. HP: 18/35 MP: 0/7
  3293 | D:3      | Noticed Sigmund
  3605 | D:4      | Reached skill level 5 in Summonings
  3913 | D:4      | Found a burning altar of Makhleb.
  4003 | D:4      | HP: 1/35 [something/puff of flame (10)]
  4008 | D:4      | Killed from afar by an orc wizard

Skill      XL: |  1  2  3  4 |
---------------+-------------+-----
Fighting       | 1 |  1.3
Summonings     | 5 |  5.0
Short Blades   | |  1.3
Long Blades    | |  1.3
Axes           | |  1.3
Maces & Flails | |  1.3
Polearms       | |  1.3
Staves         | |  1.3
Dodging        | |  1.5
Stealth        | |  1.7
Unarmed Combat | |  1.3
Spellcasting   | |  2.7

Action                   |  1- 3 |  4- 6 || total
-------------------------+-------+-------++-------
Melee: Unarmed           |    18 |       ||    18
       Short sword       |    81 |       ||    81
       Dagger            |     3 |    12 ||    15
 Cast: Summon Small Mamm |    50 |     5 ||    55
       Call Canine Famil |     3 |     6 ||     9
       Call Imp          |       |     4 ||     4
  Use: Scroll            |       |     3 ||     3
       Potion            |       |     1 ||     1
 Stab: Sleeping          |     1 |       ||     1
       Distracted        |     2 |       ||     2
  Eat: Chunk             |     7 |     3 ||    10
Armor: Robe              |    30 |     4 ||    34
Dodge: Dodged            |    83 |    17 ||   100
